 Dungeon Crawl Stone Soup version 0.18-a0-1805-g8ab820f (webtiles) character file.

49 barb4r1an the Grave Robber (level 3, -2/33 HPs)
             Began as a Troll Necromancer on Apr 26, 2016.
             Killed from afar by Sigmund (7 damage)
             ... with a magic dart
             ... on level 2 of the Dungeon.
             The game lasted 00:02:01 (967 turns).

barb4r1an the Grave Robber (Troll Necromancer)       Turns: 967, Time: 00:02:01

Health: -2/33      AC:  5    Str: 16    XL:     3   Next: 51%
Magic:  4/4        EV: 10    Int: 12    God:
Gold:   40         SH:  0    Dex: 10    Spells: 2 memorised, 1 level left

rFire  . . .     SeeInvis .       - Unarmed
rCold  . . .     Gourm    +     a - +0 robe
rNeg   . . .     Faith    .     (no shield)
rPois  .         Spirit   .     (helmet restricted)
rElec  .         Dismiss  .     (no cloak)
rCorr  .         Reflect  .     (gloves unavailable)
SustAt .         Harm     .     (boots unavailable)
MR     .....                    (no amulet)
Stlth  +.........               (no ring)
                                (no ring)

@: not resistant to hostile enchantments, very unstealthy
A: unfitting armour, claws 3, fast metabolism 3, gourmand, regeneration 2,
shaggy fur 1, tough skin 2
a: no special abilities


You were on level 2 of the Dungeon.
You were full.

You visited 1 branch of the dungeon, and saw 2 of its levels.

You collected 40 gold pieces.

Inventory:

Armour
 a - a +0 robe (worn)
Jewellery
 g - an uncursed ring of positive energy {unknown}
Scrolls
 e - a scroll of identify {unknown}
 i - 2 scrolls of teleportation {unknown}
Potions
 d - a potion of flight {unknown}
 f - a potion of might {unknown}
 h - a potion of cancellation {unknown}
 j - 2 potions of curing {unknown}
Books
 b - a book of Necromancy

   Spells                             Type                      Level
   a - Pain                           Necromancy                   1
   b - Animate Skeleton               Necromancy                   1
   c - Vampiric Draining              Necromancy                   3
   d - Regeneration                   Charms/Necromancy            3
   e - Animate Dead                   Necromancy                   4
   f - Control Undead                 Necromancy                   4
Comestibles
 c - 3 bread rations


   Skills:
 + Level 1.0 Fighting
 + Level 1.9 Dodging
 - Level 1.1 Stealth
 + Level 1.0 Unarmed Combat
 + Level 1.6 Spellcasting
 + Level 0.0 Charms
 + Level 3.5 Necromancy


You had one spell level left.
You knew the following spells:

 Your Spells              Type           Power        Failure   Level  Hunger
a - Pain                  Necr           #...         10%         1    ##.....
b - Regeneration          Chrm/Necr      #.........   43%         3    ####...


Dungeon Overview and Level Annotations

Branches:
Dungeon (2/15)

Altars:

Annotations:
D:2 Sigmund


Innate Abilities, Weirdness & Mutations

You are too large for most types of armour.
You have claws for hands.
Your metabolism is lightning-fast.
You like to eat raw meat.
You heal very quickly.
You are covered in fur (AC +1).
You have very tough skin (AC +2).


Message History

You're too confused to move!
Sigmund hits you with a scythe.
You bump into the rock wall.
Sigmund hits you with a scythe!
You bump into the rock wall.
You're too confused to move!
Sigmund closely misses you.
You barely miss Sigmund.
Sigmund is moderately wounded.
Sigmund hits you with a scythe.
* * * LOW HITPOINT WARNING * * *
You bump into the rock wall.
You feel less confused.
You scratch Sigmund but do no damage.
Sigmund is moderately wounded.
Sigmund hits you but does no damage.
You closely miss Sigmund.
Sigmund is moderately wounded.
Sigmund hits you with a scythe!
* * * LOW HITPOINT WARNING * * *
Sigmund gestures at you while chanting. The magic dart hits you!
You die...

###
#<#
#.#
#@#
#.#
#.#
#@#
#.#
#.#
#.#
#.#
#.#


You could see Sigmund.

Vanquished Creatures
  An ooze (D:1)
  2 dart slugs (D:1)
  A giant gecko (D:1)
  A giant cockroach (D:1)
  6 goblins (D:1)
  5 hobgoblins (D:1)
  5 jackals (D:1)
  5 kobolds (D:1)
  4 bats (D:1)
  2 giant newts (D:1)
  3 rats (D:1)
35 creatures vanquished.

Notes
Turn   | Place    | Note
--------------------------------------------------------------
     0 | D:1      | barb4r1an the Troll Necromancer began the quest for the Orb.
     0 | D:1      | Reached XP level 1. HP: 16/16 MP: 1/1
    80 | D:1      | Reached XP level 2. HP: 25/26 MP: 3/3
   427 | D:1      | Reached XP level 3. HP: 32/32 MP: 4/4
   664 | D:1      | Reached skill level 1 in Unarmed Combat
   754 | D:1      | Reached skill level 1 in Fighting
   918 | D:1      | Learned a level 3 spell: Regeneration
   932 | D:2      | Noticed Sigmund
   967 | D:2      | Killed from afar by Sigmund

Vault maps used:
D:1:      elethiomel_arrival_maze
D:2:      grunt_dithmenos_smoke, uniq_robin, uniq_sigmund

Skill      XL: |  1  2  3 |
---------------+----------+-----
Unarmed Combat | 1 |  1.0
Fighting       | 1 |  1.0
Dodging        | |  1.9
Stealth        | |  1.1
Spellcasting   | |  1.6
Necromancy     | |  3.5

Action                   || total
-------------------------++-------
Melee: Unarmed           ||   121
 Stab: Sleeping          ||     1
  Eat: Chunk             ||    12
Armor: Robe              ||    49
Dodge: Dodged            ||    61
